 Dungeon Crawl Stone Soup version 0.23.1 (webtiles) character file.

Game seed: 1846830395254752749

218695 Chiseanne the Warrior (level 19, -2/155 HPs)
             Began as a Gnoll Wanderer on Mar 13, 2019.
             Was an Initiate of Gozag.
             Slain by a starcursed mass (3 damage)
             ... while paralysed by accursed screaming
             ... on level 3 of the Abyss.
             The game lasted 02:18:02 (38536 turns).

Chiseanne the Warrior (Gnoll Wanderer)             Turns: 38536, Time: 02:18:03

Health: -2/155     AC: 27    Str: 25    XL:     19   Next: 12%
Magic:  23/26      EV:  2    Int: 29    God:    Gozag
Gold:   760        SH:  0    Dex: 27    Spells: 34/42 levels left

rFire    + . .     SeeInvis .   a - +6 war axe of the Sky {freeze, rN++}
rCold    . . .     Gourm    .   P - +1 shield of Husukkech {MP-9 Str+4 Int+4 Dex+6}
rNeg     + + +     Faith    .   C - +6 chain mail {rF+}
rPois    .         Spirit   .   i - +2 helmet {Int+3}
rElec    +         Reflect  .   S - scarf {cloud immunity}
rCorr    .         Harm     +   o - +2 pair of gloves {archery}
MR       +....                  O - +0 pair of boots
Stlth    +++.......             c - amulet of harm
HPRegen  1.35/turn              m - ring of the Seer {rElec rN+ Str+5 Int+3}
MPRegen  0.20/turn              Y - ring "Vead" {rN++ Str-3 Int+3 Dex+4 Slay+5}

@: paralysed, gold aura, regenerating
A: distributed training, fangs 1, strong nose
}: 1/15 runes: serpentine
a: Potion Petition, Call Merchant, Bribe Branch, Renounce Religion


You were on level 3 of the Abyss.
You worshipped Gozag.
Gozag was pleased with you.
You were full.

You visited 7 branches of the dungeon, and saw 31 of its levels.
You visited the Abyss 1 time.
You visited 1 bazaar.
You also visited: Ossuary.

You collected 14317 gold pieces.
You spent 7957 gold pieces at shops.
You paid 5600 gold pieces to Gozag.

Inventory:

Hand Weapons
 a - the +6 war axe of the Sky (weapon) {freeze, rN++}
   (You bought it in a shop on level 2 of the Orcish Mines)

   It has been specially enchanted to freeze those struck by it, causing extra
   injury to most foes and up to half again as much damage against particularly
   susceptible opponents.
   It can also slow down cold-blooded creatures.
   It greatly protects you from negative energy.
 e - a +0 blowgun
 s - a +5 scimitar of flaming
 w - a +3 hand crossbow of velocity
 H - the +1 rapier "Ydonloppapt" {elec, Dex+3}
   (You found it on level 5 of the Dungeon)

   Occasionally, upon striking a foe, it will discharge some electrical energy
   and cause terrible harm.
   It affects your dexterity (+3).
Missiles
 b - 296 bolts
 F - 3 throwing nets (quivered)
 Q - 21 curare-tipped needles
Armour
 i - a +2 helmet of intelligence (worn)
 o - a +2 pair of gloves of archery (worn)
 A - the +4 scale mail "Medaes" {rPois}
   (You bought it in a shop in a bazaar)

   It protects you from poison.
 C - a +6 chain mail of fire resistance (worn)
 O - a +0 pair of boots (worn)
 P - the +1 shield of Husukkech (worn) {MP-9 Str+4 Int+4 Dex+6}
   (You bought it in a shop on level 8 of the Dungeon)

   It affects your strength (+4).
   It affects your intelligence (+4).
   It affects your dexterity (+6).
   It affects your magic capacity (-9).
 S - a scarf of cloud immunity (worn)
Jewellery
 c - an amulet of harm (around neck)
 l - an uncursed ring of protection from cold
 m - the ring of the Seer (left hand) {rElec rN+ Str+5 Int+3}
   (You bought it in a shop on level 2 of the Snake Pit)

   [ring of strength]

   It affects your strength (+5).
   It affects your intelligence (+3).
   It insulates you from electricity.
   It protects you from negative energy.
 q - an uncursed ring of see invisible
 E - a +5 ring of protection
 Y - the ring "Vead" (right hand) {rN++ Str-3 Int+3 Dex+4 Slay+5}
   (You bought it in a shop on level 2 of the Orcish Mines)

   [ring of slaying]

   It affects your strength (-3).
   It affects your intelligence (+3).
   It affects your dexterity (+4).
   It affects your accuracy and damage with ranged weapons and melee attacks
   (+5).
   It greatly protects you from negative energy.
Wands
 p - a wand of digging (3)
 r - a wand of paralysis (20)
 y - a wand of flame (21)
 N - a wand of iceblast (23)
 R - a wand of polymorph (8)
 W - a wand of acid (17)
Scrolls
 g - 2 scrolls of summoning
 k - 12 scrolls of teleportation
 z - a scroll of immolation
 D - 8 scrolls of blinking
 I - 13 scrolls of identify
 J - 4 scrolls of magic mapping
 K - 14 scrolls of remove curse
 T - 3 scrolls of fog
 U - 4 scrolls of fear
Potions
 d - 10 potions of curing
 j - 12 potions of lignification
 n - 3 potions of berserk rage
 t - 7 potions of haste
 x - a potion of brilliance
 B - 5 potions of flight
 L - a potion of cancellation
 M - 2 potions of might
 X - a potion of agility
Miscellaneous
 h - a phial of floods
 u - a lamp of fire
 v - a lightning rod (4/4)
Comestibles
 f - 19 rations


   Skills:
 + Level 15.2 Fighting
 + Level 12.2 Short Blades
 + Level 12.2 Long Blades
 + Level 12.2 Axes
 + Level 12.2 Maces & Flails
 + Level 12.2 Polearms
 + Level 12.2 Staves
 + Level 12.2 Slings
 + Level 12.4 Bows
 + Level 12.4 Crossbows
 + Level 12.2 Throwing
 + Level 12.4 Armour
 + Level 12.2 Dodging
 + Level 12.4 Stealth
 + Level 12.4 Shields
 + Level 12.2 Unarmed Combat
 + Level 12.2 Spellcasting
 + Level 10.4 Conjurations
 + Level 10.4 Hexes
 + Level 10.4 Charms
 + Level 10.4 Summonings
 + Level 10.4 Necromancy
 + Level 10.4 Translocations
 + Level 10.4 Transmutations
 + Level 10.4 Fire Magic
 + Level 10.4 Ice Magic
 + Level 10.4 Air Magic
 + Level 10.4 Earth Magic
 + Level 10.4 Poison Magic
 + Level 13.1 Invocations
 + Level 12.2 Evocations


You had 34 spell levels left.
You knew the following spells:

 Your Spells              Type           Power        Failure   Level  Hunger
a - Regeneration          Chrm/Necr      ######....   1%          3    None
b - Vampiric Draining     Necr           ######....   1%          3    None
c - Passwall              Tmut/Erth      ######..     1%          2    None

Your spell library contained the following spells:

 Spells                   Type           Power        Failure   Level  Hunger
 Animate Skeleton         Necr           N/A          1%          1    None
 Beastly Appendage        Tmut           ######       1%          1    None
 Pain                     Necr           ####         1%          1    None
 Sandblast                Erth           ######       1%          1    None
 Sticks to Snakes         Tmut           ######..     1%          2    None
 Spider Form              Tmut/Pois      ######....   1%          3    None
 Stone Arrow              Conj/Erth      ######       1%          3    None
 Animate Dead             Necr           N/A          2%          4    None
 Ice Form                 Ice/Tmut       ######..     2%          4    None
 Petrify                  Tmut/Erth      ######..     2%          4    None
 Blade Hands              Tmut           ######....   7%          5    ##.....
 Bolt of Magma            Conj/Fire/Erth ######....   7%          5    ##.....
 Iskenderun's Battlesphe  Conj/Chrm      ######..     7%          5    ##.....
 Lee's Rapid Deconstruct  Erth           ######....   7%          5    ##.....
 Venom Bolt               Conj/Pois      ######....   7%          5    ##.....
 Iron Shot                Conj/Erth      ######....   36%         6    ####...
 Orb of Destruction       Conj           ######....   91%         7    ######.
 Spellforged Servitor     Conj/Summ      ######....   91%         7    ######.


Dungeon Overview and Level Annotations

Branches:
Dungeon (15/15)            Temple (1/1) D:5            Lair (6/6) D:9
  Swamp (1/4) Lair:4        Snake (4/4) Lair:2        Slime (0/5) Lair:6
    Orc (2/2) D:10            Elf (0/3) Orc:2        Vaults (2/5) D:13
  Crypt (0/3) Vaults:2     Depths (0/5) D:15

Altars:
Ashenzari
Cheibriados
Dithmenos
Elyvilon
Fedhas
Gozag
Hepliaklqana
Kikubaaqudgha
Makhleb
Nemelex Xobeh
Okawaru
Qazlal
Ru
Sif Muna
Trog
Uskayaw
Vehumet
Wu Jian
Xom
Yredelemnul
Zin
The Shining One
Beogh

Shops:
D:8 [   D:10 =*   D:12 (   D:14 !   D:15 ((   Orc:1 *   Orc:2 =(*?   Snake:2 *
Snake:3 (}%

Annotations:
D:7 3 runed translucent doors, AIAndy's ghost, novice GnWn
D:14 3 runed translucent doors, TheWayOfAllFlesh's ghost, journeyman OpWz
Snake:4 1 runed translucent door, cada's ghost, adept OpFi
Orc:2 exclusion: 2 upstairs


Innate Abilities, Weirdness & Mutations

Your experience applies equally to all skills.
You have very sharp teeth.
Your uncanny sense of smell can sniff out nearby items.


Message History

A deafening chorus of shrieks assaults your mind!
* * * LOW HITPOINT WARNING * * *
A starcursed mass splits.
A starcursed mass splits.
You see here 11 gold pieces.
Casting: Regeneration (safe; 1% risk of failure)
Confirm with . or Enter, or press ? or * to list all spells.
Your skin crawls.
A cacophony of accursed wailing tears at your sanity!
* * * LOW HITPOINT WARNING * * *
The starcursed mass becomes distracted by the nearby gold, dreaming of imaginary riches.
The starcursed mass engulfs you but does no damage.
A cacophony of accursed wailing tears at your sanity!
* * * LOW HITPOINT WARNING * * *
You suddenly lose the ability to move!
A cacophony of accursed wailing tears at your sanity!
* * * LOW HITPOINT WARNING * * *
You shrug off the repeated paralysis!
The starcursed mass engulfs you.
You die...
Your body crumbles into a pile of gold.

.... .# . ## .
. . # . ##.##
#. . . ##.#
#.. # ##..# .#
# .....## ####
# .. #..##...#
# # #......#
.. #$@$##..#
... ##XX#.# .
#.XX#.#
......$..X###
........XXX.#
...#....#x..#
.......###....
#.[... .....
....... .....


You could see 8 starcursed masses and a small abomination.

Vanquished Creatures
  Vashnia (Snake:4)
  Nikola (Snake:1)
  Jorgrun (Snake:3)
  Rupert (Lair:5)
  An Executioner (Abyss:3)
  6 nagarajas
  An orc warlord (Orc:2)
  A frost giant (Vaults:1)
  An ironheart preserver (Vaults:2)
  2 very ugly things (Abyss:3)
  A deep elf demonologist (Vaults:2)
  A black draconian (Abyss:3)
  2 fire dragons (Vaults:1)
  3 yaktaur captains
  Erolcha (Orc:2)
  13 naga warriors
  Harold (D:8)
  A rakshasa (Vaults:1)
  3 death knights
  A catoblepas (Lair:6)
  8 anacondas
  7 two-headed ogres
  An ice dragon (Lair:6)
  2 satyrs (Abyss:3)
  4 centaur warriors
  3 hydras
  An ogre mage (D:14)
  4 death yaks (Lair:4)
  A thrashing horror (Abyss:3)
  8 shock serpents
  12 naga sharpshooters
  4 orc high priests (Orc:2)
  3 deep elf knights
  Sonja (Orc:2)
  A salamander mystic (Snake:3)
  An unseen horror (D:13)
  4 sea snakes (Snake:3)
  A glowing orange brain (Abyss:3)
  7 naga ritualists
  A deep elf archer (Vaults:1)
  2 wizards
  2 lindwurms (Lair:6)
  An ironbrand convoker (Vaults:1)
  A phantasmal warrior (D:12)
  5 orc knights
  2 wolf spiders
  4 orc sorcerers (Orc:2)
  8 mana vipers
  4 cyclopes
  6 deep elf magi
  10 ugly things
  6 salamanders
  4 elephants
  29 black mambas
  A worldbinder (Abyss:3)
  Maurice (D:8)
  23 naga magi
  2 gargoyles
  2 guardian serpents
  3 vault sentinels (Vaults:1)
  Joseph (D:8)
  2 smoke demons (Abyss:3)
  6 torpor snails (Lair:6)
  16 spiny frogs
  4 freezing wraiths
  6 komodo dragons
  A centaur skeleton (D:14)
  9 yaktaurs
  2 efreet (D:14)
  A kobold demonologist (D:14)
  A rime drake (Lair:1)
  A rime drake (shapeshifter) (D:13)
  3 ancient zymes (Abyss:3)
  8 trolls
  A tengu conjurer (D:13)
  10 polar bears
  7 hornets (Lair:6)
  3 meliai (D:14)
  9 raiju
  4 tyrant leeches
  2 dream sheep (Lair:6)
  A blink frog (shapeshifter) (D:13)
  16 slime creatures
  19 blink frogs
  7 hippogriffs
  5 flying skulls (Abyss:3)
  5 large abominations (Abyss:3)
  3 shadows
  4 wyverns
  7 wraiths
  A spriggan (D:7)
  43 yaks
  A ynoxinul (Abyss:3)
  A steam dragon (D:7)
  A hog (Snake:4)
  2 hungry ghosts
  9 basilisks
  3 vampire mosquitoes (D:12)
  A neqoxec (Abyss:3)
  30 nagas
  7 wargs
  11 hell hounds (Lair:6)
  3 soldier ants (D:14)
  15 water moccasins
  2 acid dragons (D:14)
  9 porcupines
  A hornet zombie (D:15)
  4 sky beasts
  3 phantoms
  44 orc warriors
  4 ice beasts
  12 black bears
  23 ogres
  13 centaurs
  28 wolves
  16 crocodiles
  3 big kobolds
  9 bullfrogs
  3 small abominations (Abyss:3)
  A wyvern zombie (D:14)
  2 wyvern skeletons
  4 scorpions
  A water moccasin skeleton (D:8)
  3 killer bees (D:9)
  11 howler monkeys
  7 wights
  5 crimson imps
  3 bullfrog zombies
  7 centaur zombies
  10 jellies
  2 quasits
  2 bullfrog skeletons
  10 hounds
  4 gnoll shamans (D:13)
  42 orc priests
  Jessica (D:15)
  4 iguanas
  31 orc wizards
  10 worker ants
  An ogre zombie (Ossuary)
  A big kobold zombie (Ossuary)
  A hound zombie (D:8)
  A hound skeleton (D:10)
  7 mummies (Ossuary)
  A worker ant zombie (D:7)
  15 gnolls
  15 adders
  3 shadow imps
  4 oozes (Lair:6)
  An adder skeleton (D:6)
  9 worms
  A dart slug (D:5)
  4 leopard geckos
  126 orcs
  A ball python (Snake:3)
  7 giant cockroaches
  7 goblins
  5 hobgoblins
  2 jackals (D:2)
  13 kobolds
  9 quokkas
  6 bats
  2 frilled lizards
  7 goblin zombies (Ossuary)
  5 hobgoblin zombies (Ossuary)
  4 kobold zombies (Ossuary)
  A leopard gecko zombie (D:8)
  3 quokka zombies (Ossuary)
  6 rats
  5 rat zombies (Ossuary)
  11 fungi
  8 plants
1151 creatures vanquished.

Vanquished Creatures (collateral kills)
  Kirke (Snake:4)
  A black mamba (Snake:3)
  A troll (Orc:1)
  A hog (Snake:4)
  2 nagas (Snake:4)
  2 water moccasins (Snake:3)
  2 orc warriors (Orc:1)
  An orc priest (Orc:1)
  An orc wizard (Orc:1)
  3 adders (Snake:3)
  2 orcs (Orc:1)
17 creatures vanquished.

Vanquished Creatures (others)
  An anaconda (Snake:3)
  A sea snake (Snake:3)
  A naga mage (Snake:4)
  A hippogriff (Lair:6)
  A crimson imp (D:13)
  An orc (Orc:2)
  12 fungi
  25 plants
  2 withered plants (Snake:4)
45 creatures vanquished.

Grand Total: 1213 creatures vanquished

Notes
Turn   | Place    | Note
-------+----------+-------------------------------------------
     0 | D:1      | Reached skill level 10 in Fighting
     0 | D:1      | Chiseanne the Gnoll Wanderer began the quest for the Orb.
     0 | D:1      | Chiseanne set off with the following items: a +2 hand
                  | crossbow, 24 bolts, a +0 hand axe, a potion of curing, a +0
                  | robe, a ration
     0 | D:1      | Reached XP level 1. HP: 28/28 MP: 1/1
   113 | D:1      | Found a shimmering altar of Xom.
   194 | D:1      | Reached XP level 2. HP: 36/36 MP: 2/2
   433 | D:1      | Reached XP level 3. HP: 42/42 MP: 3/3
   713 | D:2      | Reached skill level 1 in Invocations
   827 | D:2      | Reached skill level 1 in Short Blades
   827 | D:2      | Reached skill level 1 in Long Blades
   827 | D:2      | Reached skill level 1 in Axes
   827 | D:2      | Reached skill level 1 in Maces & Flails
   827 | D:2      | Reached skill level 1 in Polearms
   827 | D:2      | Reached skill level 1 in Staves
   827 | D:2      | Reached skill level 1 in Slings
   827 | D:2      | Reached skill level 1 in Throwing
   827 | D:2      | Reached skill level 1 in Dodging
   827 | D:2      | Reached skill level 1 in Unarmed Combat
   827 | D:2      | Reached skill level 1 in Spellcasting
   827 | D:2      | Reached skill level 1 in Evocations
   844 | D:2      | Reached XP level 4. HP: 48/48 MP: 5/5
  1250 | D:3      | Reached skill level 1 in Conjurations
  1250 | D:3      | Reached skill level 1 in Hexes
  1250 | D:3      | Reached skill level 1 in Charms
  1250 | D:3      | Reached skill level 1 in Summonings
  1250 | D:3      | Reached skill level 1 in Necromancy
  1250 | D:3      | Reached skill level 1 in Translocations
  1250 | D:3      | Reached skill level 1 in Transmutations
  1250 | D:3      | Reached skill level 1 in Fire Magic
  1250 | D:3      | Reached skill level 1 in Ice Magic
  1250 | D:3      | Reached skill level 1 in Air Magic
  1250 | D:3      | Reached skill level 1 in Earth Magic
  1250 | D:3      | Reached skill level 1 in Poison Magic
  1250 | D:3      | Reached XP level 5. HP: 54/54 MP: 6/6
  1726 | D:3      | Found an iron altar of Okawaru.
  1936 | D:4      | Reached XP level 6. HP: 61/61 MP: 8/8
  2122 | D:4      | Found a sand-covered staircase.
  2127 | Ossuary  | Entered an ossuary
  2538 | Ossuary  | Reached XP level 7. HP: 67/67 MP: 10/10
  2957 | D:4      | Found a shattered altar of Ashenzari.
  3613 | D:5      | Entered Level 5 of the Dungeon
  3631 | D:5      | Reached XP level 8. HP: 74/74 MP: 12/12
  3716 | D:5      | Got a bloodstained rapier
  3816 | D:5      | Found a staircase to the Ecumenical Temple.
  3839 | Temple   | Entered the Ecumenical Temple
  4124 | D:5      | Found a basalt altar of Yredelemnul.
  4181 | D:5      | Found a white marble altar of Elyvilon.
  4260 | D:6      | Found a white marble altar of Elyvilon.
  4439 | D:6      | Identified the cursed +1 rapier "Ydonloppapt" {elec, Dex+3}
                  | (You found it on level 5 of the Dungeon)
  4475 | D:6      | Found a radiant altar of Vehumet.
  5132 | D:7      | Reached skill level 11 in Fighting
  5132 | D:7      | Reached XP level 9. HP: 67/81 MP: 14/14
  5427 | D:7      | Reached skill level 5 in Bows
  5427 | D:7      | Reached skill level 5 in Crossbows
  5427 | D:7      | Reached skill level 5 in Armour
  5427 | D:7      | Reached skill level 5 in Shields
  5639 | D:7      | Found a runed translucent gate.
  5640 | D:7      | Found a runed translucent gate.
  5641 | D:7      | Found a runed translucent gate.
  5641 | D:7      | Identified the +5 short sword "Cutuv" {chaos, *Slow +Rage
                  | +Inv Str+3}
  5646 | D:7      | Noticed AIAndy's ghost (novice GnWn)
  5884 | D:7      | Found an opulent altar of Gozag.
  5908 | D:7      | Became a worshipper of Gozag Ym Sagoz the Greedy
  5969 | D:7      | Reached skill level 5 in Stealth
  6237 | D:8      | Identified a scroll of acquirement
  6248 | D:8      | Bought a faintly glowing shield for 323 gold pieces
  6248 | D:8      | Identified the +1 shield of Husukkech {MP-9 Str+4 Int+4
                  | Dex+6} (You bought it in a shop on level 8 of the Dungeon)
  6258 | D:8      | Bought an ichor-stained scale mail for 306 gold pieces
  6270 | D:8      | Identified the +6 scale mail of Kleptomania {Int+3} (You
                  | bought it in a shop on level 8 of the Dungeon)
  6271 | D:8      | Bought a pair of glowing gloves for 255 gold pieces
  6281 | D:8      | Noticed Harold
  6298 | D:8      | Killed Harold
  6298 | D:8      | Reached skill level 5 in Invocations
  6298 | D:8      | Reached XP level 10. HP: 88/88 MP: 6/17
  6418 | D:8      | Reached skill level 5 in Short Blades
  6418 | D:8      | Reached skill level 5 in Long Blades
  6418 | D:8      | Reached skill level 5 in Axes
  6418 | D:8      | Reached skill level 5 in Maces & Flails
  6418 | D:8      | Reached skill level 5 in Polearms
  6418 | D:8      | Reached skill level 5 in Staves
  6418 | D:8      | Reached skill level 5 in Slings
  6418 | D:8      | Reached skill level 5 in Throwing
  6418 | D:8      | Reached skill level 5 in Dodging
  6418 | D:8      | Reached skill level 5 in Unarmed Combat
  6418 | D:8      | Reached skill level 5 in Spellcasting
  6418 | D:8      | Reached skill level 5 in Evocations
  6581 | D:8      | Noticed Joseph
  6591 | D:8      | Killed Joseph
  6677 | D:8      | Noticed Maurice
  6682 | D:8      | Killed Maurice
  7163 | D:9      | Found a staircase to the Lair.
  7163 | D:9      | Noticed an elephant
  7182 | D:9      | Killed an elephant
  7703 | D:9      | Reached XP level 11. HP: 95/95 MP: 10/19
  8241 | D:9      | Noticed a moth of wrath
  8244 | D:9      | Found a bloodstained altar of Trog.
  8365 | D:10     | Entered Level 10 of the Dungeon
  8435 | D:10     | Reached skill level 5 in Conjurations
  8435 | D:10     | Reached skill level 5 in Hexes
  8435 | D:10     | Reached skill level 5 in Charms
  8435 | D:10     | Reached skill level 5 in Summonings
  8435 | D:10     | Reached skill level 5 in Necromancy
  8435 | D:10     | Reached skill level 5 in Translocations
  8435 | D:10     | Reached skill level 5 in Transmutations
  8435 | D:10     | Reached skill level 5 in Fire Magic
  8435 | D:10     | Reached skill level 5 in Ice Magic
  8435 | D:10     | Reached skill level 5 in Air Magic
  8435 | D:10     | Reached skill level 5 in Earth Magic
  8435 | D:10     | Reached skill level 5 in Poison Magic
  8439 | D:10     | Noticed a two-headed ogre
  8449 | D:10     | Killed a two-headed ogre
  8879 | D:10     | Found a staircase to the Orcish Mines.
  8979 | D:11     | Reached skill level 12 in Fighting
  9020 | D:11     | Noticed a four-headed hydra
  9028 | D:11     | Killed a five-headed hydra
  9377 | D:11     | Found a bloodstained altar of Trog.
  9792 | D:12     | Noticed a two-headed ogre
  9808 | D:12     | Killed a two-headed ogre
  9808 | D:12     | Reached XP level 12. HP: 86/102 MP: 13/22
 10626 | D:12     | Noticed a death knight
 11631 | D:12     | Killed a death knight
 12017 | D:12     | Bought a +2 hand crossbow of velocity for 258 gold pieces
 12030 | D:13     | Noticed a death knight
 12032 | D:13     | Noticed a yaktaur captain
 12509 | D:13     | HP: 2/103 [yaktaur/bolt (20)]
 13557 | D:13     | Killed a yaktaur captain
 13557 | D:13     | Reached XP level 13. HP: 88/109 MP: 15/24
 14170 | D:13     | Found a gate to the Vaults.
 14415 | D:14     | Found a runed translucent gate.
 14416 | D:14     | Found a runed translucent gate.
 14417 | D:14     | Found a runed translucent gate.
 14623 | D:14     | Noticed TheWayOfAllFlesh's ghost (journeyman OpWz)
 14625 | D:14     | Noticed a blizzard demon
 14750 | D:14     | Found Ovaucis's Distillery.
 14763 | D:14     | Bought a potion of resistance for 150 gold pieces
 14763 | D:14     | Bought a potion of haste for 150 gold pieces
 14763 | D:14     | Bought a potion of cancellation for 120 gold pieces
 14763 | D:14     | Bought a potion of berserk rage for 75 gold pieces
 14763 | D:14     | Bought a potion of heal wounds for 75 gold pieces
 14763 | D:14     | Bought a potion of flight for 45 gold pieces
 14763 | D:14     | Bought a potion of heal wounds for 75 gold pieces
 15237 | D:14     | Found a glowing golden altar of the Shining One.
 15964 | D:14     | Noticed a yaktaur captain
 15970 | D:14     | Killed a yaktaur captain
 16072 | D:15     | Entered Level 15 of the Dungeon
 16100 | D:14     | Reached skill level 13 in Fighting
 16829 | D:14     | Reached XP level 14. HP: 42/118 MP: 17/26
 18045 | D:15     | Noticed Jessica
 18049 | D:15     | Killed Jessica
 18056 | D:15     | Found a deep blue altar of Sif Muna.
 18286 | D:15     | Found a staircase to the Depths.
 18640 | Orc:1    | Entered Level 1 of the Orcish Mines
 18660 | Orc:1    | Found Feqegam's Assorted Antiques.
 18702 | Orc:1    | Bought a scroll labeled XISHAI CICZUNE for 32 gold pieces
 18702 | Orc:1    | Bought a wooden ring for 160 gold pieces
 18702 | Orc:1    | Bought a scroll of fog for 64 gold pieces
 19017 | Orc:2    | Entered Level 2 of the Orcish Mines
 19188 | Orc:2    | Noticed Erolcha
 19203 | Orc:2    | Killed Erolcha
 19708 | D:10     | Bought a potion of agility for 60 gold pieces
 19708 | D:10     | Bought a scroll of teleportation for 45 gold pieces
 19708 | D:10     | Bought a scroll of identify for 30 gold pieces
 20012 | Orc:2    | Noticed Sonja
 20015 | Orc:2    | Killed Sonja
 20060 | Orc:2    | Found a staircase to the Elven Halls.
 20121 | Orc:2    | Reached skill level 10 in Invocations
 20300 | Orc:2    | Found a roughly hewn altar of Beogh.
 20666 | Orc:2    | Found Bonexuocw's Magic Scroll Boutique.
 20683 | Orc:2    | Bought a scroll of blinking for 97 gold pieces
 20683 | Orc:2    | Bought 2 scrolls of identify for 52 gold pieces
 20683 | Orc:2    | Bought a scroll of identify for 26 gold pieces
 20683 | Orc:2    | Bought a scroll of enchant weapon for 97 gold pieces
 20683 | Orc:2    | Bought a scroll of identify for 26 gold pieces
 20769 | Orc:2    | Reached XP level 15. HP: 124/124 MP: 19/28
 20772 | Orc:2    | Bought a scroll of enchant armour for 97 gold pieces
 20772 | Orc:2    | Bought a scroll of amnesia for 45 gold pieces
 20772 | Orc:2    | Bought a scroll of amnesia for 45 gold pieces
 20778 | Orc:2    | Found Agarph's Assorted Antiques.
 20795 | Orc:2    | Bought a scroll of magic mapping for 115 gold pieces
 20795 | Orc:2    | Bought a scroll of blinking for 247 gold pieces
 20795 | Orc:2    | Bought a wand of paralysis (10) for 66 gold pieces
 21025 | Orc:2    | Found Lixinoysch's Antique Weapon Shoppe.
 21302 | Orc:2    | Reached skill level 10 in Bows
 21302 | Orc:2    | Reached skill level 10 in Crossbows
 21302 | Orc:2    | Reached skill level 10 in Armour
 21302 | Orc:2    | Reached skill level 10 in Shields
 21322 | Orc:2    | Noticed an orc warlord
 21353 | Orc:2    | Killed an orc warlord
 21413 | Orc:2    | Reached skill level 10 in Stealth
 21423 | Orc:2    | Found Niwolyf's Jewellery Emporium.
 21441 | Orc:2    | Bought a cursed amulet of inaccuracy for 24 gold pieces
 21461 | Orc:2    | Found a roughly hewn altar of Beogh.
 21787 | Orc:2    | Bought a brightly glowing war axe for 221 gold pieces
 21788 | Orc:2    | Identified the +6 war axe of the Sky {freeze, rN++} (You
                  | bought it in a shop on level 2 of the Orcish Mines)
 21928 | Lair:1   | Entered Level 1 of the Lair of Beasts
 22713 | Lair:2   | Learned a level 3 spell: Regeneration
 22717 | Lair:2   | Learned a level 3 spell: Vampiric Draining
 23119 | Lair:2   | Reached XP level 16. HP: 120/132 MP: 20/29
 23131 | Lair:2   | Found a staircase to the Snake Pit.
 24632 | Lair:4   | Found a staircase to the Swamp.
 24641 | Lair:4   | Reached skill level 10 in Short Blades
 24641 | Lair:4   | Reached skill level 10 in Long Blades
 24641 | Lair:4   | Reached skill level 10 in Axes
 24641 | Lair:4   | Reached skill level 10 in Maces & Flails
 24641 | Lair:4   | Reached skill level 10 in Polearms
 24641 | Lair:4   | Reached skill level 10 in Staves
 24641 | Lair:4   | Reached skill level 10 in Slings
 24641 | Lair:4   | Reached skill level 10 in Throwing
 24641 | Lair:4   | Reached skill level 10 in Dodging
 24641 | Lair:4   | Reached skill level 10 in Unarmed Combat
 24641 | Lair:4   | Reached skill level 10 in Spellcasting
 24641 | Lair:4   | Reached skill level 10 in Evocations
 25553 | Lair:5   | Noticed Rupert
 25556 | Lair:5   | Killed Rupert
 25847 | Orc:2    | Bought the ring "Vead" {rN++ Str-3 Int+3 Dex+4 Slay+5} for
                  | 1557 gold pieces
 26641 | Lair:6   | Entered Level 6 of the Lair of Beasts
 26660 | Lair:6   | Found a staircase to the Slime Pits.
 26673 | Lair:6   | Reached skill level 14 in Fighting
 27428 | Lair:6   | Found a runed translucent door.
 28557 | Lair:6   | Reached XP level 17. HP: 139/139 MP: 22/31
 28843 | Snake:1  | Entered Level 1 of the Snake Pit
 29390 | Snake:1  | Noticed Nikola
 29407 | Snake:1  | Killed Nikola
 31144 | Swamp:1  | Entered Level 1 of the Swamp
 31944 | Snake:2  | Found Ellaeqyj's Assorted Antiques.
 31957 | Snake:2  | Bought a steaming ivory ring for 160 gold pieces
 31957 | Snake:2  | Bought a scroll of identify for 64 gold pieces
 31957 | Snake:2  | Bought a scroll of magic mapping for 112 gold pieces
 31957 | Snake:2  | Bought a potion of flight for 96 gold pieces
 31958 | Snake:2  | Identified the ring of the Seer {rElec rN+ Str+5 Int+3}
                  | (You bought it in a shop on level 2 of the Snake Pit)
 32438 | Snake:2  | Learned a level 2 spell: Passwall
 32680 | Snake:3  | Noticed Jorgrun
 32689 | Snake:3  | Killed Jorgrun
 32966 | Snake:3  | Found Logafoph's Gadget Shop.
 32970 | Snake:3  | Bought a lightning rod (4/4) for 480 gold pieces
 32971 | Snake:3  | Found Pyseug's Food Boutique.
 33488 | Snake:3  | Found Fonge's Weapon Shop.
 34268 | Snake:4  | Entered Level 4 of the Snake Pit
 34292 | Snake:4  | Noticed Kirke
 34303 | Snake:4  | Killed Kirke
 34311 | Snake:4  | Reached XP level 18. HP: 147/147 MP: 24/33
 34435 | Snake:4  | Found a runed translucent door.
 34435 | Snake:4  | Noticed cada's ghost (adept OpFi)
 35101 | Snake:4  | Reached skill level 10 in Conjurations
 35101 | Snake:4  | Reached skill level 10 in Hexes
 35101 | Snake:4  | Reached skill level 10 in Charms
 35101 | Snake:4  | Reached skill level 10 in Summonings
 35101 | Snake:4  | Reached skill level 10 in Necromancy
 35101 | Snake:4  | Reached skill level 10 in Translocations
 35101 | Snake:4  | Reached skill level 10 in Transmutations
 35101 | Snake:4  | Reached skill level 10 in Fire Magic
 35101 | Snake:4  | Reached skill level 10 in Ice Magic
 35101 | Snake:4  | Reached skill level 10 in Air Magic
 35101 | Snake:4  | Reached skill level 10 in Earth Magic
 35101 | Snake:4  | Reached skill level 10 in Poison Magic
 35193 | Snake:4  | Noticed Vashnia
 35522 | Snake:4  | Reached skill level 15 in Fighting
 35545 | Snake:4  | Killed Vashnia
 35917 | Snake:4  | Got a serpentine rune of Zot
 36749 | Vaults:1 | Entered Level 1 of the Vaults
 36888 | Vaults:1 | Found a flickering gateway to a bazaar.
 36897 | Bazaar   | Entered a bazaar
 36897 | Bazaar   | Found Imisoew's Antique Armour Boutique.
 36901 | Bazaar   | Bought a heavily runed chain mail for 190 gold pieces
 36903 | Bazaar   | Identified the cursed +0 chain mail of Kozelol {Int+5
                  | Slay+3} (You bought it in a shop in a bazaar)
 36907 | Bazaar   | Bought a glowing helmet for 150 gold pieces
 36907 | Bazaar   | Bought a bloodstained scale mail for 180 gold pieces
 36909 | Bazaar   | Identified the +4 scale mail "Medaes" {rPois} (You bought
                  | it in a shop in a bazaar)
 36923 | Bazaar   | Found Ruixziru's Antique Weapon Shoppe.
 36931 | Bazaar   | Found Waqiam's General Store.
 36939 | Bazaar   | Bought a potion of curing for 30 gold pieces
 36942 | Bazaar   | Found Igey's Gadget Boutique.
 36954 | Bazaar   | Found Tauhuasu's Magic Scroll Emporium.
 36962 | Bazaar   | Bought a scroll of acquirement for 988 gold pieces
 36964 | Bazaar   | Bought a scroll of summoning for 180 gold pieces
 36964 | Bazaar   | Bought a scroll of identify for 38 gold pieces
 36964 | Bazaar   | Bought a scroll of teleportation for 57 gold pieces
 36964 | Bazaar   | Bought a scroll of teleportation for 57 gold pieces
 36964 | Bazaar   | Bought a scroll of summoning for 180 gold pieces
 36964 | Bazaar   | Bought a scroll of teleportation for 57 gold pieces
 38143 | Vaults:2 | Cast into level 3 of the Abyss (a deep elf sorcerer)
 38334 | Abyss:3  | Reached XP level 19. HP: 151/155 MP: 26/35
 38419 | Abyss:3  | Noticed a bone dragon
 38535 | Abyss:3  | Paralysed by accursed screaming for 2 turns
 38536 | Abyss:3  | HP: 1/155 [starcursed mass/accursed screaming (21)]
 38536 | Abyss:3  | Slain by a starcursed mass

Skill      XL: |  1  2  3  4  5  6  7  8  9 10 11 12 13 14 15 16 17 18 |
---------------+-------------------------------------------------------+-----
Fighting       | 11 12 13 14 15 | 15.2
Invocations    | 1 2 3 4 5 6 7 8 9 10 11 12 13 | 13.1
Short Blades   | 1 2 3 4 5 6 7 8 9 10 11 12 | 12.2
Long Blades    | 1 2 3 4 5 6 7 8 9 10 11 12 | 12.2
Axes           | 1 2 3 4 5 6 7 8 9 10 11 12 | 12.2
Maces & Flails | 1 2 3 4 5 6 7 8 9 10 11 12 | 12.2
Polearms       | 1 2 3 4 5 6 7 8 9 10 11 12 | 12.2
Staves         | 1 2 3 4 5 6 7 8 9 10 11 12 | 12.2
Slings         | 1 2 3 4 5 6 7 8 9 10 11 12 | 12.2
Throwing       | 1 2 3 4 5 6 7 8 9 10 11 12 | 12.2
Dodging        | 1 2 3 4 5 6 7 8 9 10 11 12 | 12.2
Unarmed Combat | 1 2 3 4 5 6 7 8 9 10 11 12 | 12.2
Spellcasting   | 1 2 3 4 5 6 7 8 9 10 11 12 | 12.2
Evocations     | 1 2 3 4 5 6 7 8 9 10 11 12 | 12.2
Conjurations   | 1 2 3 4 5 6 7 8 9 10 | 10.4
Hexes          | 1 2 3 4 5 6 7 8 9 10 | 10.4
Charms         | 1 2 3 4 5 6 7 8 9 10 | 10.4
Summonings     | 1 2 3 4 5 6 7 8 9 10 | 10.4
Necromancy     | 1 2 3 4 5 6 7 8 9 10 | 10.4
Translocations | 1 2 3 4 5 6 7 8 9 10 | 10.4
Transmutations | 1 2 3 4 5 6 7 8 9 10 | 10.4
Fire Magic     | 1 2 3 4 5 6 7 8 9 10 | 10.4
Ice Magic      | 1 2 3 4 5 6 7 8 9 10 | 10.4
Air Magic      | 1 2 3 4 5 6 7 8 9 10 | 10.4
Earth Magic    | 1 2 3 4 5 6 7 8 9 10 | 10.4
Poison Magic   | 1 2 3 4 5 6 7 8 9 10 | 10.4
Bows           | 3 4 5 6 7 8 9 10 11 12 | 12.4
Crossbows      | 3 4 5 6 7 8 9 10 11 12 | 12.4
Armour         | 3 4 5 6 7 8 9 10 11 12 | 12.4
Shields        | 3 4 5 6 7 8 9 10 11 12 | 12.4
Stealth        | 3 4 5 6 7 8 9 10 11 12 | 12.4

Action                   |  1- 3 |  4- 6 |  7- 9 | 10-12 | 13-15 | 16-18 | 19-21 || total
-------------------------+-------+-------+-------+-------+-------+-------+-------++-------
Melee: Hand axe          |       |    15 |       |       |       |       |       ||    15
       Bite              |       |     9 |    19 |    98 |   115 |   100 |    16 ||   357
       Short sword       |       |    42 |   123 |       |       |       |       ||   165
       Punch             |       |     1 |     4 |       |       |       |       ||     5
       Spear             |       |       |    25 |       |       |       |       ||    25
       Scimitar          |       |       |    30 |   484 |   463 |   142 |       ||  1119
       Rapier            |       |       |       |    47 |    13 |       |       ||    60
       War axe           |       |       |       |       |    13 |   350 |    51 ||   414
 Fire: Hand crossbow     |    44 |    72 |   158 |   110 |   320 |   745 |       ||  1449
       Blowgun           |       |       |       |     5 |       |       |       ||     5
Throw: Stone             |       |       |     2 |       |       |       |       ||     2
       Tomahawk          |       |       |       |     1 |       |       |       ||     1
 Cast: Regeneration      |       |       |       |       |       |     6 |     1 ||     7
Invok: Call Merchant     |       |       |     1 |     2 |     1 |     2 |       ||     6
Evoke: Wand              |       |       |     6 |     9 |    10 |    31 |       ||    56
       Phial of floods   |       |       |       |       |     2 |       |       ||     2
       Lightning rod     |       |       |       |       |       |     4 |       ||     4
       Lamp of fire      |       |       |       |       |       |     1 |       ||     1
  Use: Scroll            |     5 |     3 |    13 |    13 |    14 |    12 |     1 ||    61
       Potion            |       |       |     1 |     3 |     8 |     8 |       ||    20
 Stab: Sleeping          |       |     5 |     4 |     6 |    20 |     1 |       ||    36
       Distracted        |       |       |       |     6 |     7 |    13 |       ||    26
  Eat: Chunk             |       |     3 |    10 |       |       |       |       ||    13
       Ration            |       |     1 |       |    10 |     8 |    13 |     2 ||    34
Armor: Robe              |     1 |       |       |       |       |       |       ||     1
       Ring mail         |     1 |    25 |    64 |       |       |       |       ||    90
       Scale mail        |       |       |       |   202 |   102 |       |       ||   304
       Chain mail        |       |       |       |       |    10 |   186 |    33 ||   229
Dodge: Dodged            |     3 |    50 |   132 |   233 |   260 |   260 |    33 ||   971
Block: Shield            |       |       |       |   343 |   373 |   363 |    49 ||  1128
       Rpst.: Scimitar   |       |       |    12 |    53 |    67 |    12 |       ||   144
